 Dungeon Crawl Stone Soup version 0.28-a0-43-g560ac104fe (webtiles) character file.

Game seed: 4992118060932700604

335 Zonian the Conjurer (level 6, -2/66 HPs)
             Began as a Human Conjurer on July 28, 2021.
             Slain by a bullfrog (4 damage)
             ... in a sewer.
             The game lasted 00:09:07 (6027 turns).

Zonian the Conjurer (Human Conjurer)                Turns: 6027, Time: 00:09:08

Health: -2/66      AC:  7    Str:  7    XL:     6   Next: 84%
Magic:  2/10       EV: 16    Int: 19    God:
Gold:   123        SH:  0    Dex: 13    Spells: 8/11 levels left

rFire   . . .      SeeInvis .   n - +2 dagger (elec)
rCold   . . .      Faith    .   (no shield)
rNeg    . . .      Spirit   .   a - +0 robe
rPois   .          Reflect  .   b - +1 helmet
rElec   .          Harm     .   (no cloak)
rCorr   .          Rampage  .   g - +2 pair of gloves
Will    .....                   (no boots)
Stlth   ..........              (no amulet)
HPRegen 0.21/turn               c - +4 ring of evasion
MPRegen 0.12/turn               (no ring)

@: berserking, very quick
A: no striking features
a: no special abilities


You were in a sewer.
You visited 1 branch of the dungeon, and saw 3 of its levels.
You also visited: Sewer.

You collected 123 gold pieces.

Inventory:

Hand Weapons
 d - a +0 dagger
 i - a +0 dagger of venom
 n - a +2 dagger of electrocution (weapon)
Armour
 a - a +0 robe (worn)
 b - a +1 helmet (worn)
 f - a +0 leather armour
 g - a +2 pair of gloves (worn)
 m - a +1 hat
Jewellery
 c - a +4 ring of evasion (left hand)
Wands
 j - a wand of polymorph (6)
 l - a wand of flame (9)
Scrolls
 o - 4 scrolls of fog {unknown}
 p - a scroll of identify {unknown}
Potions
 h - a potion of curing {unknown}
 k - a potion of lignification {unknown}
 q - a potion of magic {unknown}
 r - a potion of haste {unknown}
 s - a potion of heal wounds {unknown}
 t - a potion of experience {unknown}


   Skills:
 + Level 1.9 Fighting
 + Level 1.9 Short Blades
 + Level 3.0 Dodging
 + Level 3.3 Stealth
 + Level 3.1 Spellcasting
 + Level 5.2 Conjurations


You had 8 spell levels left.
You knew the following spells:

 Your Spells              Type           Power      Damage    Failure   Level
a - Magic Dart            Conj           88%        1d7       1%          1
b - Searing Ray           Conj           44%        3d4       2%          2

Your spell library contained the following spells:

 Spells                   Type           Power      Damage    Failure   Level
 Dazzling Flash           Conj/Hex       24%        N/A       16%         3
 Gell's Gravitas          Tloc           1%         N/A       41%         3
 Teleport Other           Tloc           3%         N/A       41%         3
 Fulminant Prism          Conj/Hex       6%         3d7       45%         4
 Iskenderun's Mystic Bla  Conj/Tloc      12%        2d5       45%         4
 Summon Forest            Summ/Tloc      1%         N/A       99%         5
 Summon Mana Viper        Hex/Summ       3%         N/A       99%         5
 Dispersal                Tloc           1%         N/A       100%        6
 Shadow Creatures         Summ           N/A        N/A       100%        6


Dungeon Overview and Level Annotations

Branches:
Dungeon (3/15)              Sewer (1/1)

Altars:

Shops:
D:2 (


Message History

The bullfrog hits you but does no damage.
Unknown command.
It was a potion of berserk rage.
A red film seems to cover your vision as you go berserk!
You feel yourself moving faster!
You feel mighty!
You feel sick.
The ball python hisses angrily.
The bullfrog closely misses you.
The ball python bites you but does no damage.
* * * LOW HITPOINT WARNING * * *
The ball python constricts you. The bullfrog closely misses you.
The ball python bites you.
* * * LOW HITPOINT WARNING * * *
The bullfrog barely misses you.
You hit the ball python.
Lightning courses through the ball python!!
You kill the ball python!
You feel sick.
You are no longer poisoned.
The bullfrog hits you but does no damage.
The ball python closely misses you.
* * * LOW HITPOINT WARNING * * *
The ball python constricts you. The bullfrog barely misses you.
You completely miss the ball python. The bullfrog hits you.
* * * LOW HITPOINT WARNING * * *
The ball python bites you but does no damage.
The ball python constricts you. The bullfrog closely misses you.
You puncture the ball python!
You kill the ball python!
The bullfrog misses you.
You puncture the ball python!
You kill the ball python!
The bullfrog hits you but does no damage.
The frilled lizard closely misses you. The bullfrog closely misses you.
The bullfrog barely misses you.
You closely miss the bullfrog.
The frilled lizard bites you but does no damage.
You puncture the bullfrog!
The bullfrog is heavily wounded.
The bullfrog hits you.
You die...

≈≈≈.##
#.≈..≈##
≈≈≈≈≈#
#≈≈≈≈≈≈#
≈≈≈≈≈#
#≈≈≈≈≈≈#
≈≈≈≈≈#
#≈≈≈≈≈≈#
≈≈≈≈≈#
#≈≈≈≈≈≈#
≈≈≈≈≈#
#≈≈≈≈≈≈#
≈≈≈≈≈#
#≈≈≈#†≈#
≈≈≈≈≈#
#≈≈≈≈lF#
≈≈..≈#
#≈≈≈F@†#
≈..≈≈#
#≈≈≈#≈≈#
.≈†.##
#≈≈≈≈≈≈#
≈≈≈††#
#≈≈≈≈≈≈#
≈≈≈≈≈#
#≈≈≈≈≈≈#
≈≈≈≈≈#
#≈≈≈≈≈≈#
≈≈≈≈≈#
#≈≈≈≈≈≈#
≈≈≈≈≈#
#####≈≈≈≈≈≈#
≈≈≈≈.#
#..##.≈...##


You could see 2 bullfrogs and a frilled lizard.

Vanquished Creatures
  An ogre (D:3)
  Natasha (twice) (D:2)
  7 adders
  4 river rats
  2 worms
  2 dart slugs (D:1)
  3 bats
  7 endoplasms
  3 giant cockroaches
  9 goblins
  4 hobgoblins
  4 jackals
  A kobold (D:2)
  2 quokkas (D:1)
  13 ball pythons
  2 frilled lizards
  35 rats
101 creatures vanquished.

Notes
Turn   | Place    | Note
-------+----------+-------------------------------------------
     0 | D:1      | Zonian the Human Conjurer began the quest for the Orb.
     0 | D:1      | Reached XP level 1. HP: 13/13 MP: 3/3
  1084 | D:1      | Reached XP level 2. HP: 19/19 MP: 5/5
  1093 | D:1      | Learned a level 2 spell: Searing Ray
  1539 | D:1      | Reached XP level 3. HP: 21/24 MP: 1/6
  3283 | D:2      | Noticed Natasha
  3291 | D:2      | Killed Natasha
  3292 | D:2      | Reached XP level 4. HP: 14/31 MP: 5/7
  3691 | D:2      | Found Jics's Weapon Shoppe.
  3725 | D:2      | Found a faded altar of an unknown god.
  3852 | D:2      | Noticed Natasha
  3888 | D:2      | Killed Natasha
  3889 | D:2      | Reached XP level 5. HP: 2/36 MP: 0/9
  5002 | D:3      | Noticed an ogre
  5011 | D:3      | Killed an ogre
  5012 | D:3      | Reached skill level 1 in Fighting
  5012 | D:3      | Reached skill level 1 in Short Blades
  5012 | D:3      | Reached skill level 5 in Conjurations
  5012 | D:3      | Reached XP level 6. HP: 43/43 MP: 8/10
  5287 | D:3      | Found a glowing drain.
  5298 | Sewer    | Entered a sewer
  6023 | Sewer    | HP: 2/66 [bullfrog (4)]
  6027 | Sewer    | Slain by a bullfrog

Illustrated notes

Levels and vault maps discovered:
D:1:      roderic_dead_forest, layout_basic, grunt_decor_clamped
D:2:      layout_basic, serial_shops,
          nicolae_shop_temple_entry_statues_fountains,
          hellmonk_ecumenical_altar_zigzags, minmay_pentomino_w2, uniq_natasha
D:3:      layout_loops_ring, portal_sewer_entry_e
Sewer:    sewer_minmay_w

Skill      XL: |  1  2  3  4  5  6 |
---------------+-------------------+-----
Fighting       | 1 |  1.9
Short Blades   | 1 |  1.9
Stealth        | 3 |  3.3
Conjurations   | 5 |  5.2
Spellcasting   | 3 |  3.1
Dodging        | 3 |  3.0

Action                   |  1- 3 |  4- 6 || total
-------------------------+-------+-------++-------
Melee: Unarmed           |     6 |       ||     6
       Dagger            |    36 |   165 ||   201
Throw: Throwing net      |       |     1 ||     1
 Cast: Magic Dart        |    64 |    10 ||    74
       Searing Ray       |       |    10 ||    10
  Use: Scroll            |     1 |     2 ||     3
       Potion            |       |     1 ||     1
 Stab: Sleeping          |     3 |     4 ||     7
       Held in net/web   |       |     2 ||     2
Armor: Robe              |     8 |    43 ||    51
Dodge: Dodged            |    47 |   182 ||   229

Table legend: (Time is in decaauts)
 A = Elapsed time spent in this place.
 B = Non-inter-level travel time spent in this place.
 C = Inter-level travel time spent in this place.
 D = Time resting spent in this place.
 E = Time spent auto-exploring this place.
 F = Levels seen in this place.
 G = Mean time per level.
                   A        B        C        D        E       F      G
               +--------+--------+--------+--------+--------+-----+--------+
         Total |   6066 |   5947 |    119 |   3323 |   1588 |   4 | 1516.5 |
       Dungeon |   5294 |   5175 |    119 |   2925 |   1573 |   3 | 1764.7 |
         Sewer |    772 |    772 |      0 |    398 |     15 |   1 |  772.0 |
               +--------+--------+--------+--------+--------+-----+--------+

Top non-repeatable levels by time:
     D:2: 2762 daAuts
     D:1: 2231 daAuts
   Sewer: 772 daAuts
     D:3: 300 daAuts
